[Event "Titled Tuesday Blitz October 31 Early 2023"]
[White "Avalos Parra, Joao"]
[Black "Lee, Jun Hyeok"]
[WhiteFideId "3402541"]
[BlackFideId "13202340"]
[WhiteElo "2338"]
[BlackElo "2646"]
[Result "1/2-1/2"]
[Round "2"]
[TimeControl "180+1"]
[Date "2023.10.31"]
[WhiteClock "0:00:21"]
[BlackClock "0:00:10"]
[Board "125"]

1. d4 Nf6 2. c4 d6 3. Nf3 Nbd7 4. Nc3 e5 5. Bg5 Be7 6. e3 h6 7. Bh4 Ng8 8. Bxe7 Qxe7 9. Be2 Ngf6 10. O-O c6 11. b4 O-O 12. b5 e4 13. Nd2 c5 14. Nb3 Nb6 15. a4 Be6 16. d5 Bf5 17. a5 Nbd7 18. Re1 Ne5 19. Nd2 Rae8 20. Nf1 Nd3 21. Bxd3 exd3 22. e4 Qe5 23. Qxd3 Nxe4 24. Nxe4 Bxe4 25. Qd2 Qg5 26. Qxg5 hxg5 27. Ra3 f6 28. f3 Bg6 29. Rae3 Rxe3 30. Rxe3 Re8 31. Kf2 Kf7 32. Nd2 Rxe3 33. Kxe3 f5 34. f4 gxf4+ 35. Kxf4 Kf6 36. h4 Bh5 37. Nf1 Be2 38. Ne3 g6 39. g3 Bd3 40. g4 fxg4 41. Nxg4+ Kg7 42. Ne3 Kf6 43. Ng4+ Kf7 44. Ne3 b6 45. axb6 axb6 46. Kg5 Be2 47. Kf4 Kf6 48. Ke4 Kg7 49. Kf4 Kf6 50. Ke4 Kf7 51. Kf4 Kf6 1/2-1/2


[Site "https://www.chess.com"]

[Event "Titled Tuesday Blitz October 31 Early 2023"]
[White "Diaz Perez, Michel Alejandro"]
[Black "TomLiu777"]
[WhiteFideId "3517179"]
[WhiteElo "2643"]
[BlackElo "2328"]
[Result "1-0"]
[Round "2"]
[TimeControl "180+1"]
[Date "2023.10.31"]
[WhiteClock "0:00:09"]
[BlackClock "0:00:03"]
[Board "126"]

1. Nf3 d5 2. c4 c6 3. e3 e6 4. Nc3 f5 5. Be2 Nf6 6. b3 Bd6 7. d4 O-O 8. O-O Bd7 9. a4 Be8 10. Ne5 Nbd7 11. f4 Ne4 12. Nxe4 fxe4 13. Ba3 Bxa3 14. Rxa3 Nxe5 15. fxe5 Rxf1+ 16. Qxf1 Qg5 17. Qf4 Qxf4 18. exf4 Bg6 19. Kf2 Kf8 20. Ke3 Ke7 21. b4 a6 22. c5 Be8 23. Ra1 Bd7 24. h4 h6 25. h5 Rf8 26. g4 Ra8 27. Rg1 a5 28. b5 cxb5 29. axb5 a4 30. Ra1 Ra5 31. b6 a3 32. Bd1 Bb5 33. Bb3 Ra8 34. f5 Bc6 35. Kf4 Kf7 36. g5 hxg5+ 37. Kxg5 e3 38. Kf4 e2 39. Ba2 Ra4 40. fxe6+ Kxe6 41. Ke3 Bb5 42. Bb3 Rb4 43. Bc2 Rb2 44. Kd2 Ba4 45. Rxa3 Rxc2+ 46. Ke1 Bb5 47. Ra1 Rc3 48. Rb1 Bd3 49. Ra1 Bc4 50. Rb1 Rf3 51. Kd2 Rf1 52. Re1 Rxe1 53. Kxe1 Bb5 54. Kf2 Ba6 55. Ke1 Kf5 56. Kf2 Ke4 57. c6 bxc6 58. e6 Kd3 59. Ke1 c5 60. e7 Bb5 61. b7 cxd4 62. b8=Q Bd7 63. Qc7 Ke3 64. Qxd7 d3 65. Qe6+ Kd4 66. e8=Q Kc3 67. Qxd5 1-0


[Site "https://www.chess.com"]

[Event "Titled Tuesday Blitz October 31 Early 2023"]
[White "Szente Varga, Fruzsina"]
[Black "Kuzhylnyi, Oleksandr"]
[WhiteFideId "712264"]
[BlackFideId "34110500"]
[WhiteElo "2328"]
[BlackElo "2637"]
[Result "0-1"]
[Round "2"]
[TimeControl "180+1"]
[Date "2023.10.31"]
[WhiteClock "0:00:01"]
[BlackClock "0:00:16"]
[Board "127"]

1. e4 g6 2. d4 Bg7 3. Be3 d6 4. Nc3 a6 5. f3 b5 6. Qd2 Nd7 7. O-O-O Bb7 8. h4 c5 9. dxc5 Nxc5 10. h5 Qa5 11. Bxc5 b4 12. Bxb4 Qxb4 13. Nge2 Rc8 14. h6 Be5 15. f4 Bxc3 16. Nxc3 Bxe4 17. a3 Qb7 18. Bxa6 Qxa6 19. Nxe4 f5 20. Qd4 Qc4 21. Qxc4 Rxc4 22. Nc3 Rxf4 23. a4 Nf6 24. Rhe1 Kd7 25. a5 Ra8 26. Nd5 Nxd5 27. Rxd5 Ra4 28. Rd3 R8xa5 29. Kd2 Rh4 30. b3 Rxh6 31. Rde3 e5 32. Rd3 Rh2 33. Re2 Ke6 34. b4 Rb5 35. c3 e4 36. Rd4 d5 37. Kc2 Rh1 38. Kb3 Ke5 39. Ka4 Rb8 40. Red2 Ra1+ 41. Kb3 Rb5 42. Kb2 Ra8 43. Kb3 f4 44. Rd1 g5 45. Rh1 Ra7 46. Rh5 Kf5 47. Rh6 e3 48. Rh1 Ke5 49. Re1 Rb6 50. Red1 Rd7 51. Kc2 h6 52. c4 Rxb4 53. Rxd5+ Rxd5 54. cxd5 Rc4+ 55. Kb3 Rc7 56. Re1 Kxd5 0-1


[Site "https://www.chess.com"]

[Event "Titled Tuesday Blitz October 31 Early 2023"]
[White "Dzida, Kamil"]
[Black "Arslanov, Shamil"]
[WhiteFideId "21828652"]
[BlackFideId "4192826"]
[WhiteElo "2327"]
[BlackElo "2633"]
[Result "1-0"]
[Round "2"]
[TimeControl "180+1"]
[Date "2023.10.31"]
[WhiteClock "0:00:18"]
[BlackClock "0:00:11"]
[Board "128"]

1. d4 e5 2. dxe5 d6 3. Nf3 Bg4 4. e4 Nc6 5. Bb5 Qd7 6. h3 Bh5 7. O-O O-O-O 8. Nc3 a6 9. Ba4 Qe8 10. Nd5 dxe5 11. c3 Nf6 12. Bg5 Be7 13. Bxf6 Bxf6 14. Qe2 g5 15. Nxf6 Bxf3 16. Qxf3 Qe6 17. Rad1 Kb8 18. Bb3 Qe7 19. Bd5 Na7 20. Nh5 Rhf8 21. Ng7 Nb5 22. Nf5 Qf6 23. Bb3 Rde8 24. a4 Na7 25. Rd2 h5 26. Qxh5 Rh8 27. Qxf7 Qb6 28. Rfd1 Nc6 29. Bd5 Nd8 30. Qd7 Ref8 31. b4 g4 32. a5 Qg6 33. Qg7 Qh5 34. Qxg4 Qh7 35. Bb3 Nf7 36. Rd7 Rhg8 37. Rxf7 Rxf7 38. Qf3 Rff8 39. Bxg8 Rxg8 40. h4 Qf7 41. g3 Qb3 42. Qd3 Ka7 43. Kg2 Rg6 44. h5 Rf6 45. h6 Qf7 46. Rh1 Qh7 47. Qe3+ Ka8 48. Qc5 Kb8 49. Qe7 Rf7 50. Qxf7 Ka7 51. Qxh7 1-0


[Site "https://www.chess.com"]

[Event "Titled Tuesday Blitz October 31 Early 2023"]
[White "Manon-og, Ramon Jr."]
[Black "Kotlyar, Kirill"]
[WhiteFideId "5200776"]
[BlackFideId "24145599"]
[WhiteElo "2324"]
[BlackElo "2623"]
[Result "1-0"]
[Round "2"]
[TimeControl "180+1"]
[Date "2023.10.31"]
[WhiteClock "0:02:06"]
[BlackClock "0:00:12"]
[Board "129"]

1. e4 e5 2. Nf3 Nc6 3. Bc4 Nf6 4. Ng5 d5 5. exd5 Na5 6. Bb5+ c6 7. dxc6 bxc6 8. Bd3 Nd5 9. Nf3 Bd6 10. O-O O-O 11. Re1 Qc7 12. h3 f5 13. Bf1 c5 14. Nc3 Bb7 15. Nb5 Qd7 16. Nxd6 Qxd6 17. Nxe5 Nc6 18. Nxc6 Qxc6 19. Bc4 Kh8 20. Qf3 Nf4 21. Qxc6 Bxc6 22. f3 Rae8 23. Re3 Bd5 24. Bb5 Rd8 25. d3 Bb7 26. Re7 1-0


[Site "https://www.chess.com"]

[Event "Titled Tuesday Blitz October 31 Early 2023"]
[White "Erenberg, Ariel"]
[Black "Der_Balak_3Halak"]
[WhiteFideId "2811634"]
[WhiteElo "2623"]
[BlackElo "2321"]
[Result "1-0"]
[Round "2"]
[TimeControl "180+1"]
[Date "2023.10.31"]
[WhiteClock "0:01:06"]
[BlackClock "0:00:00"]
[Board "130"]

1. g3 c6 2. Bg2 g6 3. d4 Bg7 4. e4 d5 5. e5 Nh6 6. Ne2 Bg4 7. f3 Bd7 8. O-O O-O 9. Nbc3 e6 10. g4 c5 11. Bf4 cxd4 12. Qxd4 f5 13. exf6 Bxf6 14. Qb4 g5 15. Bd6 Re8 16. Qxb7 Bc6 17. Qc7 Nf7 18. Qxd8 Bxd8 19. Bg3 e5 20. Rad1 Bb6+ 21. Kh1 d4 22. Ne4 Nd7 23. c3 Bb5 24. Rfe1 dxc3 25. N2xc3 Bc6 26. Rxd7 Bxd7 27. Nf6+ Kg7 28. Nxd7 Bd4 29. Ne4 Rad8 30. Ndf6 Re6 31. Nh5+ Kg6 32. b3 Nd6 33. Bf1 Nxe4 34. Bd3 Bc3 35. Bxe4+ Kh6 36. Rc1 Bb2 37. Rc7 Rd1+ 38. Kg2 Rd2+ 39. Kh3 1-0


[Site "https://www.chess.com"]

[Event "Titled Tuesday Blitz October 31 Early 2023"]
[White "Pein, Jonathan"]
[Black "Seemann, Jakub"]
[WhiteFideId "417092"]
[BlackFideId "21874697"]
[WhiteElo "2318"]
[BlackElo "2622"]
[Result "0-1"]
[Round "2"]
[TimeControl "180+1"]
[Date "2023.10.31"]
[WhiteClock "0:00:03"]
[BlackClock "0:00:56"]
[Board "131"]

1. b3 Nf6 2. Bb2 e6 3. Nf3 d5 4. e3 Be7 5. d4 O-O 6. Bd3 Nbd7 7. Nbd2 b6 8. O-O Bb7 9. Qe2 c5 10. Ne5 Rc8 11. f4 Ne4 12. Nxe4 dxe4 13. Ba6 Ba8 14. Bxc8 Qxc8 15. c4 Nb8 16. dxc5 f6 17. Ng4 Qxc5 18. Rad1 Nc6 19. Nf2 Nb4 20. a3 Nd3 21. Nxd3 exd3 22. Rxd3 Be4 23. Rd2 h5 24. Rfd1 Qf5 25. Rd7 Bc5 26. b4 Qxf4 27. bxc5 Qg5 28. cxb6 axb6 29. Rc7 Kh8 30. Rdd7 Rg8 31. Qf2 e5 32. Qg3 Qh6 33. h3 h4 34. Qf2 Qg5 35. Rf7 Ba8 36. a4 Be4 37. Bc3 Bg6 38. Rfe7 Rd8 39. Be1 Rd1 40. Kh2 Be4 41. Re8+ Kh7 42. Qxh4+ Qxh4 43. Bxh4 Rd2 44. Bf2 Rxf2 45. Kg1 Rxg2+ 46. Kf1 Ra2 47. Ree7 Kg6 48. Rxg7+ Kf5 49. Rg3 Rxa4 50. h4 Ra1+ 51. Ke2 Rh1 52. Rcg7 Rh2+ 53. Kd1 Rxh4 54. Kd2 Rh1 55. Kc3 Rc1+ 56. Kb3 Rb1+ 57. Ka3 Bc2 58. Rb7 Ke4 59. Rg2 Kd3 60. Rd7+ Kc3 61. Rdd2 Ra1# 0-1


[Site "https://www.chess.com"]

[Event "Titled Tuesday Blitz October 31 Early 2023"]
[White "kushbhagat2009"]
[Black "GlacierGambit"]
[WhiteElo "2618"]
[BlackElo "2317"]
[Result "1-0"]
[Round "2"]
[TimeControl "180+1"]
[Date "2023.10.31"]
[WhiteClock "0:01:46"]
[BlackClock "0:01:34"]
[Board "132"]

1. d4 e6 2. Bf4 Nf6 3. e3 c5 4. Nf3 cxd4 5. exd4 Be7 6. c3 O-O 7. Nbd2 b6 8. Bd3 Ba6 9. Bxa6 Nxa6 10. O-O d5 11. h3 Nd7 12. Ne5 Nxe5 13. Bxe5 Nb8 14. a4 Nc6 15. Bh2 Rc8 16. Nf3 a6 17. Ne5 b5 18. axb5 axb5 19. f4 Qb6 20. Nd7 Qb7 21. Nxf8 Bxf8 22. f5 exf5 23. Rxf5 b4 24. Qf3 bxc3 25. bxc3 Nd8 26. Qxd5 Rxc3 27. Qxd8 1-0


[Site "https://www.chess.com"]

[Event "Titled Tuesday Blitz October 31 Early 2023"]
[White "Pinheiro, Iung Alicio de O."]
[Black "Muhammad Shahzeb"]
[WhiteFideId "2104350"]
[BlackFideId "7804806"]
[WhiteElo "2617"]
[BlackElo "2317"]
[Result "1-0"]
[Round "2"]
[TimeControl "180+1"]
[Date "2023.10.31"]
[WhiteClock "0:00:12"]
[BlackClock "0:00:00"]
[Board "133"]

1. d4 Nf6 2. Nf3 e6 3. Bg5 c5 4. e3 Qb6 5. Nbd2 a6 6. Bd3 Nc6 7. Bxf6 gxf6 8. O-O cxd4 9. Nc4 Qc5 10. b4 Qxb4 11. exd4 b5 12. Rb1 Qe7 13. Ne3 d5 14. a4 b4 15. c4 bxc3 16. Re1 Bg7 17. Nxd5 Qd6 18. Nxc3 O-O 19. d5 Ne5 20. Be4 f5 21. Bc2 Nxf3+ 22. Qxf3 e5 23. Bxf5 Bxf5 24. Qxf5 Rad8 25. Rbd1 Qf6 26. Qg4 1-0


[Site "https://www.chess.com"]

[Event "Titled Tuesday Blitz October 31 Early 2023"]
[White "Sourath Biswas"]
[Black "Federzoni, Enzo"]
[WhiteFideId "35091484"]
[BlackFideId "2173301"]
[WhiteElo "2610"]
[BlackElo "2316"]
[Result "0-1"]
[Round "2"]
[TimeControl "180+1"]
[Date "2023.10.31"]
[WhiteClock "0:00:03"]
[BlackClock "0:00:54"]
[Board "134"]

1. d4 Nf6 2. Bf4 g6 3. Nc3 d5 4. e3 Bg7 5. h4 c6 6. Be2 h5 7. Nf3 O-O 8. O-O Bg4 9. Ne5 Bxe2 10. Nxe2 Nbd7 11. c4 Nxe5 12. dxe5 Ng4 13. cxd5 Qxd5 14. Qxd5 cxd5 15. Bg5 e6 16. f4 Nxe3 17. Rf3 Nf5 18. Rc1 Rfc8 19. Rfc3 Rxc3 20. Rxc3 Bf8 21. Rc7 b6 22. Kf2 Bc5+ 23. Ke1 a5 24. Kd2 Bf2 25. Rc6 Rb8 26. Kd3 Bxh4 27. Bxh4 Nxh4 28. g3 Nf5 29. a3 Kf8 30. b4 axb4 31. axb4 Ke8 32. Rc7 Ra8 33. Rb7 Nxg3 34. Nxg3 Ra3+ 35. Ke2 Rxg3 36. Rxb6 h4 37. Rb8+ Ke7 38. Rh8 Rb3 39. Rxh4 Rxb4 40. Ke3 g5 41. Rh5 gxf4+ 42. Kf3 Re4 43. Rg5 f5 44. Rg7+ Kf8 45. Rd7 Rxe5 46. Kxf4 Re4+ 47. Kg5 Ke8 48. Ra7 d4 49. Kf6 f4 50. Re7+ Kd8 51. Rf7 e5 52. Kf5 Re3 53. Ke6 f3 54. Kd6 Ke8 55. Ke6 d3 56. Rh7 Kf8 57. Kf6 Kg8 58. Rg7+ Kh8 59. Rd7 f2 60. Kg6 Rg3+ 61. Kh6 f1=Q 0-1


[Site "https://www.chess.com"]

[Event "Titled Tuesday Blitz October 31 Early 2023"]
[White "Mesa Cruz, Juan Carlos"]
[Black "Ezat, Mohamed"]
[WhiteFideId "6423400"]
[BlackFideId "10600906"]
[WhiteElo "2316"]
[BlackElo "2602"]
[Result "1-0"]
[Round "2"]
[TimeControl "180+1"]
[Date "2023.10.31"]
[WhiteClock "0:00:07"]
[BlackClock "0:00:14"]
[Board "135"]

1. e4 c6 2. Nc3 d5 3. Nf3 Bg4 4. h3 Bh5 5. g4 Bg6 6. exd5 cxd5 7. Bb5+ Nc6 8. Ne5 Rc8 9. h4 d4 10. h5 Bxc2 11. Qxc2 dxc3 12. Qf5 Nf6 13. g5 e6 14. Qf3 Qd5 15. Qxd5 Nxd5 16. dxc3 Bd6 17. Nxc6 bxc6 18. Bc4 Rb8 19. Bb3 a5 20. Bd2 Ke7 21. O-O-O Rb7 22. g6 hxg6 23. hxg6 Rxh1 24. Rxh1 fxg6 25. Bg5+ Kf7 26. Rh3 Bf4+ 27. Bxf4 Nxf4 28. Re3 Kf6 29. Kc2 e5 30. Re4 Nd5 31. Rc4 Ne7 32. Rc5 Ra7 33. Kd3 a4 34. Bc2 Rb7 35. b4 axb3 36. axb3 Rd7+ 37. Ke2 Ra7 38. b4 Ra2 39. Kd3 g5 40. f3 Ra1 41. Bb3 Rf1 42. Ke2 Rc1 43. Ba4 Kf5 44. Kd2 Rf1 45. Ke2 Ra1 46. Bxc6 Kf4 47. Rc4+ Kf5 48. Bd7+ Kf6 49. b5 Rb1 50. Rc5 Rb3 51. c4 Ng6 52. Rc6+ Kf7 53. Be8+ Kxe8 54. Rxg6 Rc3 55. Rc6 Kd7 56. Rc5 Kd6 57. Rc6+ Kd7 58. Kf2 Ke7 59. c5 Rb3 60. b6 Kd7 61. Rc7+ Ke6 62. b7 Kd5 63. c6 e4 64. fxe4+ Kxe4 65. Rc8 Rb2+ 66. Kg3 Rb3+ 67. Kg4 Rb1 68. b8=Q Rg1+ 69. Qg3 Rxg3+ 70. Kxg3 Kf5 71. c7 Kg6 72. Rf8 Kh5 73. c8=Q g6 74. Rh8# 1-0


[Site "https://www.chess.com"]

[Event "Titled Tuesday Blitz October 31 Early 2023"]
[White "tetrix83"]
[Black "Bobomurodova, Maftuna"]
[BlackFideId "14207400"]
[WhiteElo "2600"]
[BlackElo "2314"]
[Result "0-1"]
[Round "2"]
[TimeControl "180+1"]
[Date "2023.10.31"]
[WhiteClock "0:00:00"]
[BlackClock "0:00:11"]
[Board "136"]

1. e4 e5 2. Nf3 Nc6 3. Bb5 Nf6 4. O-O Nxe4 5. Re1 Nd6 6. Nxe5 Nxe5 7. Rxe5+ Be7 8. Bf1 O-O 9. d4 Bf6 10. Re1 Ne8 11. d5 d6 12. a4 g6 13. a5 a6 14. Nd2 Bg7 15. Ra3 Nf6 16. Ne4 Bf5 17. Ng3 Bg4 18. Qd3 Re8 19. Rxe8+ Qxe8 20. Rb3 Rb8 21. Qc4 Qc8 22. h3 Bd7 23. Rc3 Ne8 24. Re3 Bb5 25. Qb3 Bxf1 26. Kxf1 Qd7 27. Bd2 Nf6 28. c4 Bh6 29. Re2 Bg7 30. Bc3 c6 31. dxc6 Qxc6 32. Bd4 Rc8 33. Rc2 Nd7 34. Bxg7 Kxg7 35. Qc3+ f6 36. b3 Re8 37. Rd2 Re6 38. Qd4 Nc5 39. Qc3 Qc7 40. b4 Ne4 41. Nxe4 Rxe4 42. Rd4 Qe7 43. Rxe4 Qxe4 44. Kg1 Qb1+ 45. Kh2 Qe4 46. g3 Qe6 47. Qd4 Qe2 48. Kg2 Qe6 49. h4 Qd7 50. Qd5 Qc7 51. Kf3 f5 52. Qd4+ Kf7 53. Qd5+ Kg7 54. h5 Qd7 55. Qd4+ Kf7 56. h6 Qc6+ 57. Ke3 Ke6 58. Ke2 Qh1 59. Qe3+ Kd7 60. Qb6 Qg2 61. b5 Qe4+ 62. Kf1 Qxc4+ 63. Kg1 Qxb5 0-1


[Site "https://www.chess.com"]

[Event "Titled Tuesday Blitz October 31 Early 2023"]
[White "WynnZawHtun82"]
[Black "Bernat, David"]
[BlackFideId "2099225"]
[WhiteElo "2585"]
[BlackElo "2314"]
[Result "1-0"]
[Round "2"]
[TimeControl "180+1"]
[Date "2023.10.31"]
[WhiteClock "0:00:22"]
[BlackClock "0:00:07"]
[Board "137"]

1. Nf3 c5 2. g3 g6 3. Bg2 Bg7 4. O-O Nc6 5. e4 d6 6. Re1 e5 7. c3 Nge7 8. d3 O-O 9. a3 a6 10. b4 b6 11. Nbd2 h6 12. Nb3 Be6 13. Be3 Kh7 14. Rb1 Qd7 15. d4 Bxb3 16. Rxb3 cxb4 17. cxb4 d5 18. dxe5 d4 19. Rd3 Rfd8 20. Bxd4 Bxe5 21. Qb3 Bxd4 22. Qxf7+ Kh8 23. Red1 Bxf2+ 24. Kxf2 Qxd3 25. Rxd3 Rxd3 26. Bh3 Rdd8 27. Qf6+ Kh7 28. Qf7+ Kh8 29. Qf6+ Kh7 30. Kg2 Rf8 31. Qh4 Rad8 32. Be6 Nd4 33. Qxe7+ Kh8 34. Nxd4 Rde8 1-0


[Site "https://www.chess.com"]

[Event "Titled Tuesday Blitz October 31 Early 2023"]
[White "Petrova, Irina"]
[Black "Andreev, Konstantin"]
[WhiteFideId "14124122"]
[BlackFideId "24239305"]
[WhiteElo "2314"]
[BlackElo "2563"]
[Result "0-1"]
[Round "2"]
[TimeControl "180+1"]
[Date "2023.10.31"]
[WhiteClock "0:00:00"]
[BlackClock "0:00:04"]
[Board "138"]

1. e4 c5 2. Nf3 e6 3. c4 Nc6 4. Nc3 Nd4 5. g3 d6 6. Bg2 Nf6 7. O-O g6 8. d3 Bg7 9. Be3 Nd7 10. Rb1 O-O 11. Ne2 Nxf3+ 12. Bxf3 Ne5 13. Bg2 Nc6 14. a3 b6 15. d4 Bb7 16. d5 Ne5 17. Qc2 Ba6 18. b3 b5 19. dxe6 fxe6 20. cxb5 Bxb5 21. Rfd1 Qe7 22. Nf4 Ng4 23. Bd2 Bd4 24. Be1 g5 25. Nh3 e5 26. a4 Ba6 27. b4 cxb4 28. Rxb4 Rac8 29. Qb3+ Kh8 30. Rbxd4 exd4 31. Rxd4 Rc1 32. Rd1 Rxd1 33. Qxd1 Ne5 34. Bc3 Kg8 35. Qd5+ Qf7 36. Bxe5 dxe5 37. Nxg5 Qxd5 38. exd5 Rb8 39. h4 Rb4 40. d6 Rd4 41. Ne4 Kg7 42. h5 Bb7 43. d7 Rxd7 44. Nc5 Rd1+ 45. Kh2 Bxg2 46. Kxg2 Kf6 47. a5 Ra1 48. a6 Ke7 49. Kf3 Kd6 50. Ne4+ Kd5 51. Nf6+ Ke6 52. Nxh7 Kf5 53. g4+ Ke6 54. Ng5+ Ke7 55. h6 Rxa6 56. h7 Rh6 57. Ke4 Kf6 58. f4 exf4 59. Kxf4 Rh1 60. Ne4+ Kg7 61. g5 Kxh7 62. Nf6+ Kg6 63. Nd5 Rf1+ 64. Ke4 Kxg5 65. Kd4 Ra1 66. Kc4 Kf5 67. Nb4 Ke6 68. Kb5 Kd7 69. Na6 Kc8 70. Nc5 Kb8 71. Na6+ Kb7 72. Nc5+ Ka8 73. Na6 Rb1+ 74. Ka5 Rb6 75. Nc5 Rh6 76. Na6 Kb7 77. Nc5+ Kc6 78. Na6 Rh5+ 79. Ka4 Kb6 80. Nb4 Rh4 81. Ka3 Kb5 82. Nd5 Rh3+ 83. Ka2 a5 84. Nc7+ Ka4 85. Nd5 Rh2+ 86. Kb1 Kb3 87. Kc1 a4 0-1


[Site "https://www.chess.com"]

[Event "Titled Tuesday Blitz October 31 Early 2023"]
[White "Wartiovaara, Oliver"]
[Black "Schut, Han"]
[WhiteFideId "513024"]
[BlackFideId "1005561"]
[WhiteElo "2558"]
[BlackElo "2306"]
[Result "1-0"]
[Round "2"]
[TimeControl "180+1"]
[Date "2023.10.31"]
[WhiteClock "0:00:46"]
[BlackClock "0:00:00"]
[Board "139"]

1. d4 Nf6 2. Nf3 g6 3. Nbd2 d5 4. b4 Bg7 5. e3 a5 6. b5 c5 7. bxc6 bxc6 8. Ba3 Nbd7 9. c4 O-O 10. Rb1 c5 11. dxc5 Qc7 12. c6 Qxc6 13. Nd4 Qc7 14. Bxe7 dxc4 15. Nxc4 Ba6 16. Bd6 Qc8 17. Rc1 Bxc4 18. Bxc4 Qb7 19. Bxf8 Bxf8 20. O-O Ne5 21. Be2 h5 22. Qb3 1-0


[Site "https://www.chess.com"]

[Event "Titled Tuesday Blitz October 31 Early 2023"]
[White "Shapiro, Daniel"]
[Black "StiffMaster1"]
[WhiteFideId "2001780"]
[WhiteElo "2306"]
[BlackElo "2558"]
[Result "0-1"]
[Round "2"]
[TimeControl "180+1"]
[Date "2023.10.31"]
[WhiteClock "0:00:18"]
[BlackClock "0:00:38"]
[Board "140"]

1. d4 Nf6 2. c4 g6 3. Nc3 Bg7 4. e4 d6 5. Be2 O-O 6. Nf3 Nc6 7. O-O e5 8. d5 Ne7 9. a4 a5 10. Ne1 Nd7 11. Nd3 b6 12. b3 f5 13. f3 f4 14. Ba3 g5 15. b4 axb4 16. Bxb4 Nc5 17. Nf2 Na6 18. Ba3 Nc5 19. Bb4 Nb7 20. Nd3 h5 21. Nb5 Ng6 22. a5 Nxa5 23. Bxa5 bxa5 24. c5 Rf7 25. Qc2 Bf8 26. cxd6 cxd6 27. Rfc1 Qb6+ 28. Nf2 g4 29. Kf1 g3 30. hxg3 fxg3 31. Nd1 Bd7 32. Qc7 Qxc7 33. Nxc7 Ra7 34. Ne6 Bh6 35. Rc7 Rxc7 36. Nxc7 Bd2 37. Ra2 Bb4 38. Na6 Nf4 39. Nxb4 axb4 40. Rb2 h4 41. Rxb4 h3 42. gxh3 Bxh3+ 43. Ke1 g2 44. Kf2 Nxe2 0-1


[Site "https://www.chess.com"]

[Event "Titled Tuesday Blitz October 31 Early 2023"]
[White "Evdokimov, Alexey"]
[Black "Aslanov, Umid"]
[WhiteFideId "24162450"]
[BlackFideId "13412620"]
[WhiteElo "2304"]
[BlackElo "2547"]
[Result "1-0"]
[Round "2"]
[TimeControl "180+1"]
[Date "2023.10.31"]
[WhiteClock "0:00:21"]
[BlackClock "0:00:29"]
[Board "141"]

1. e4 c5 2. d4 d6 3. dxc5 Qa5+ 4. Nc3 Qxc5 5. Be3 Qc7 6. Nf3 a6 7. Bd3 Nf6 8. O-O g6 9. Qe2 Bg7 10. Rad1 O-O 11. Rfe1 Nc6 12. a3 b5 13. Nd4 Bd7 14. h3 Ne5 15. f4 Nc4 16. Bc1 Nxa3 17. e5 Ne8 18. Nd5 Qa7 19. Nxe7+ Kh8 20. Be3 Bxh3 21. Nec6 Qd7 22. gxh3 Nc4 23. Bxc4 bxc4 24. Qg4 Qb7 25. b3 dxe5 26. Nxe5 cxb3 27. Nxb3 Nf6 28. Qg2 Qc7 29. Qc6 Qxc6 30. Nxc6 Rac8 31. Nbd4 Nd5 32. Bd2 Rfd8 33. Kf2 Rd6 34. Kf3 h5 35. c4 Nb6 36. c5 Bxd4 37. cxd6 Rxc6 38. Re8+ Kh7 39. Ba5 Nc4 40. d7 Nxa5 41. Rxd4 Nb7 42. d8=Q Nxd8 43. Rdxd8 a5 44. Ra8 Kg7 45. Rxa5 Rc3+ 46. Re3 Rc2 47. Ra7 1-0


[Site "https://www.chess.com"]

[Event "Titled Tuesday Blitz October 31 Early 2023"]
[White "ReinisUz"]
[Black "NovoselovRoman"]
[WhiteElo "2301"]
[BlackElo "2543"]
[Result "0-1"]
[Round "2"]
[TimeControl "180+1"]
[Date "2023.10.31"]
[WhiteClock "0:02:08"]
[BlackClock "0:02:25"]
[Board "142"]

1. g3 Nf6 2. Bg2 d5 3. d4 c6 4. Nf3 Bf5 5. O-O Nbd7 6. c4 e6 7. cxd5 exd5 8. Nc3 Be7 9. a3 a5 10. Bf4 O-O 11. Nh4 Be6 12. Bd2 Ne4 13. Bxe4 dxe4 14. Ng2 f5 15. Qc2 Nb6 16. Na4 Qxd4 17. Nxb6 Qxb6 18. Be3 Qb3 19. Qxb3 Bxb3 20. Rac1 Bf6 0-1


[Site "https://www.chess.com"]

[Event "Titled Tuesday Blitz October 31 Early 2023"]
[White "Rama, Tejas"]
[Black "Smirnov, Timofey"]
[WhiteFideId "30907381"]
[BlackFideId "24176427"]
[WhiteElo "2540"]
[BlackElo "2289"]
[Result "1-0"]
[Round "2"]
[TimeControl "180+1"]
[Date "2023.10.31"]
[WhiteClock "0:02:05"]
[BlackClock "0:00:00"]
[Board "143"]

1. c4 c6 2. g3 d5 3. Nf3 Nf6 4. Bg2 e6 5. O-O Be7 6. b3 O-O 7. Bb2 Nbd7 8. e3 a5 9. Nc3 b6 10. d4 Bb4 11. Qe2 Ba6 12. Rfd1 Ne4 13. Nxe4 dxe4 14. Nd2 f5 15. f3 exf3 16. Nxf3 b5 17. d5 cxd5 18. cxd5 Qe7 19. Nd4 Ne5 20. Nxe6 Rfc8 21. Bxe5 Bd6 22. Bxg7 b4 23. Qb2 Re8 24. Bf6 Qf7 25. Bf3 Rac8 26. Bh8 Be7 27. Bh5 1-0


[Site "https://www.chess.com"]

[Event "Titled Tuesday Blitz October 31 Early 2023"]
[White "Titichoca Daza, Daniel"]
[Black "gpsji27"]
[WhiteFideId "3309550"]
[WhiteElo "2535"]
[BlackElo "2289"]
[Result "1-0"]
[Round "2"]
[TimeControl "180+1"]
[Date "2023.10.31"]
[WhiteClock "0:00:55"]
[BlackClock "0:00:18"]
[Board "144"]

1. d4 d5 2. c4 e6 3. Nf3 Nf6 4. Qc2 Nc6 5. e3 Be7 6. Nbd2 O-O 7. a3 a5 8. b3 h6 9. Bb2 Nh7 10. Bd3 f5 11. g4 Bf6 12. cxd5 exd5 13. gxf5 Ne7 14. O-O-O a4 15. b4 b6 16. Kb1 c5 17. dxc5 bxc5 18. Qxc5 Bxb2 19. Kxb2 Bxf5 20. Qd4 Nc6 21. Qc3 Rc8 22. Rhg1 Qd7 23. Bxf5 Rxf5 24. Rc1 Nf6 25. Nd4 Rxf2 26. Nxc6 Rxc6 27. Qxc6 Rxd2+ 28. Ka1 Qe7 29. Qc8+ Ne8 30. Qc3 Rxh2 31. Rg3 Nd6 32. Qd4 Qf7 33. Rgg1 Nf5 34. Qe5 d4 35. Qxh2 dxe3 36. Rc8+ Kh7 37. Qb8 Qf6+ 38. Kb1 g5 39. Qb7+ Ng7 40. Qe4+ Nf5 41. Rc7+ Kg6 42. Rc6 1-0


[Site "https://www.chess.com"]

[Event "Titled Tuesday Blitz October 31 Early 2023"]
[White "Tologon tegin, Semetei"]
[Black "Goh, Zi Han"]
[WhiteFideId "13800574"]
[BlackFideId "5819156"]
[WhiteElo "2526"]
[BlackElo "2288"]
[Result "1-0"]
[Round "2"]
[TimeControl "180+1"]
[Date "2023.10.31"]
[WhiteClock "0:00:04"]
[BlackClock "0:00:00"]
[Board "145"]

1. Nc3 d5 2. d4 Nf6 3. Bg5 Bf5 4. e3 e6 5. Nf3 Nbd7 6. Bd3 Bxd3 7. cxd3 Be7 8. O-O h6 9. Bh4 O-O 10. Qb3 b6 11. Rac1 c5 12. e4 cxd4 13. Nxd4 Nc5 14. Qc2 dxe4 15. Nc6 exd3 16. Nxd8 dxc2 17. Nc6 Rfe8 18. Nb5 Rac8 19. Ncxa7 Ra8 20. Rxc2 Nd5 21. Bxe7 Rxe7 22. Nc6 Rd7 23. b4 Ne4 24. a3 Ne7 25. Ne5 Rd5 26. Nc7 Rxa3 27. Nxd5 Nxd5 28. Rc8+ Kh7 29. Nxf7 Nxb4 30. Rb8 Nd5 31. Nd8 Nc5 32. Re1 Kg6 33. g3 Kf6 34. Nc6 Ra2 35. h4 Nd3 36. Rf8+ Kg6 37. Rxe6+ Kh7 38. Ne5 Nxe5 39. Rxe5 Rd2 40. Rd8 Rd1+ 41. Kh2 Nc3 42. Rxd1 Nxd1 43. Kg2 Nc3 44. Re6 b5 45. Rb6 Kg8 46. Rb7 Kh7 47. h5 Kg8 48. g4 Kh7 49. Kf3 Kg8 50. Kf4 Nd5+ 51. Kf5 Kh7 52. Rxb5 Nc3 53. Rb7 Ne2 54. f4 Nd4+ 55. Ke4 Nb3 56. Rc7 Nd2+ 57. Kf5 Nf3 58. Rd7 Nh4+ 59. Ke4 Ng2 60. Rd1 Nh4 61. Rd2 g5 62. Rd7+ Kg8 63. fxg5 hxg5 64. Rd5 Kh7 65. Rxg5 Ng2 66. Rd5 Nh4 67. Rd2 Kh6 68. Kf4 Kg7 69. Rh2 1-0


[Site "https://www.chess.com"]